 Dungeon Crawl Stone Soup version 0.31.0 (webtiles) character file.

Game seed: 9570096793704604401

291 qw the Shooter (level 6, 0/40 HPs)
             Began as a Gargoyle Hunter on Jan 19, 2024.
             Slain by Duvessa
             ... wielding a +0 short sword
              (7 damage)
             ... on level 4 of the Dungeon.
             The game lasted 00:00:07 (2211 turns).

qw the Shooter (Gargoyle Hunter)                    Turns: 2211, Time: 00:00:08

Health: 0/40       AC:  7    Str: 14    XL:     6   Next: 32%
Magic:  6/6        EV: 11    Int: 10    God:
Gold:   126        SH:  0    Dex: 15    Spells: 5/5 levels left

rFire   . . .        a - +0 shortbow
rCold   . . .        (shield currently unavailable)
rNeg    + . .        c - +0 leather armour
rPois   inf          (no helmet)
rElec   +            (no cloak)
rCorr   .            (no gloves)
SInv    .            (no boots)
Will    .....        (no amulet)
Stlth   ++           (no ring)
HPRegen 0.26/turn    (no ring)
MPRegen 0.10/turn

%: no passive effects
@: about to teleport
A: sickness immunity, AC +4, negative energy resistance 1, electricity
resistance, torment resistance 1, petrification resistance
a: no special abilities


You were on level 4 of the Dungeon.
You visited 1 branch of the dungeon, and saw 4 of its levels.

You collected 126 gold pieces.


Innate Abilities, Weirdness & Mutations

You are immune to sickness and miasma.
Your stone body is resilient. (AC +4)
You are immune to poison.
You resist negative energy. (rN+)
You are resistant to electric shocks. (rElec)
You are resistant to unholy torment.
You are immune to petrification.


   Skills:
 - Level 4.9 Fighting
 + Level 6.1 Ranged Weapons
 - Level 1.5 Dodging
 - Level 1.1 Stealth


You had 5 spell levels left.
You didn't know any spells.
Your spell library was empty.

Inventory:

Hand Weapons
 a - a +0 shortbow (weapon)
Armour
 b - a +0 ring mail
 c - a +0 leather armour (worn)
Wands
 d - a wand of paralysis (9)
Scrolls
 f - a scroll of identify
Potions
 e - a potion of curing
 g - 2 potions of haste
 i - a potion of ambrosia {unknown}

Dungeon Overview and Level Annotations

Branches:
Dungeon (3/15)

Altars:

Annotations:
D:4 Dowan, Duvessa


Message History

You shoot an arrow. The arrow barely misses Duvessa.
You hear a distant slurping noise.
You shoot an arrow. The arrow hits Duvessa.
Duvessa is lightly wounded.
You shoot an arrow.
The arrow hits Duvessa but does no damage.
Duvessa is lightly wounded.
You shoot an arrow. The arrow hits Duvessa!
Duvessa is moderately wounded.
You shoot an arrow. The arrow hits Duvessa.
Duvessa is heavily wounded.
Duvessa closely misses you.
Dowan says, "My weaknesses are her strengths!"
Dowan barely misses you.
You hear a distant slurping noise.
Duvessa closely misses you. Dowan barely misses you.
You shoot an arrow. The arrow completely misses Duvessa.
Duvessa hits you with a +0 short sword. Dowan closely misses you.
You shoot an arrow. The arrow hits Duvessa.
Duvessa is heavily wounded.
Duvessa hits you with a +0 short sword.
Dowan smirks and points a slender finger.
Dowan closely misses you.
You shoot an arrow. The arrow closely misses Duvessa.
Duvessa hits you but does no damage. Dowan hits you with a +0 dagger.
You shoot an arrow. The arrow closely misses Duvessa.
Duvessa barely misses you. Dowan hits you with a +0 dagger.
You shoot an arrow. The arrow closely misses Duvessa.
Duvessa barely misses you. Dowan closely misses you.
You shoot an arrow. The arrow barely misses Duvessa.
Duvessa hits you with a +0 short sword. Dowan hits you with a +0 dagger.
You shoot an arrow.
The arrow hits Duvessa but does no damage.
Duvessa is heavily wounded.
Duvessa hits you with a +0 short sword. Dowan hits you with a +0 dagger.
2211 ||| READING scroll of teleportation.
As you read the scroll of teleportation, it crumbles to dust.
You feel strangely unstable. Duvessa hits you with a +0 short sword!
You die...

.........#
........#
.......#
......#
#.....#
#.....#
#.ee..#
#..@..#
#+######.....#
.............#
........##'###
........#....#
......%.'....#
#.....#
#+#.....#....#
#.....#
#.....#....#
#.....#
#.....#....#
#.....#


You could see Duvessa and Dowan.

Vanquished Creatures
  A water moccasin (D:4)
  A hound (D:4)
  An orc wizard (D:3)
  Terence (D:3)
  7 adders
  A ribbon worm (D:2)
  2 dart slugs
  3 orcs (D:3)
  7 ball pythons
  6 endoplasms
  5 goblins
  A hobgoblin (D:1)
  2 quokkas
  4 bats
  A frilled lizard (D:3)
  6 rats
49 creatures vanquished.

Notes
Turn   | Place    | Note
-------+----------+-------------------------------------------
     0 | D:1      | qw the Gargoyle Hunter began the quest for the Orb.
     0 | D:1      | Reached XP level 1. HP: 12/12 MP: 1/1
     0 | D:1      | 0 ||| qw: Version: 0.3-a-132-g3d54051
     0 | D:1      | 0 ||| qw: Game counter: 410
     0 | D:1      | 0 ||| qw: Melee chars always use a shield: true
     0 | D:1      | 0 ||| qw: God list: Okawaru
     0 | D:1      | 0 ||| qw: Allow faded altars: false
     0 | D:1      | 0 ||| qw: Do Orc after clearing Dungeon:15 true
     0 | D:1      | 0 ||| qw: Do second Lair branch before Depths: true
     0 | D:1      | 0 ||| qw: Lair rune preference: random
     0 | D:1      | 0 ||| qw: Goals: Normal
     0 | D:1      | 0 ||| PLANNING D:1-11
   194 | D:1      | Reached XP level 2. HP: 17/17 MP: 2/2
   726 | D:1      | 726 ||| DROPPING ring of wizardry.
   727 | D:1      | 727 ||| READING scroll labelled DOTSUICW SELU.
   728 | D:1      | 728 ||| READING scroll labelled OTAIBAETHREOT.
   729 | D:1      | 729 ||| READING scroll labelled OCVUT TIUFOC.
   730 | D:1      | 730 ||| DROPPING scroll of butterflies.
   918 | D:2      | Reached skill level 5 in Ranged Weapons
   918 | D:2      | Reached XP level 3. HP: 21/21 MP: 3/3
   938 | D:2      | 938 ||| FLEEEEING.
  1292 | D:2      | Reached skill level 3 in Fighting
  1318 | D:2      | Reached XP level 4. HP: 24/28 MP: 4/4
  1582 | D:2      | 1582 ||| READING scroll labelled IGEGIKHL IWEAXT.
  1583 | D:2      | 1583 ||| FLEEEEING.
  1587 | D:2      | 1587 ||| READING scroll labelled JAMATU NUTT.
  1587 | D:2      | 1587 ||| IDENTIFYING orange potion
  1588 | D:2      | 1588 ||| DRINKING 3 smoky puce potions.
  1613 | D:2      | 1613 ||| DRINKING 2 murky amethyst potions.
  1614 | D:2      | 1614 ||| DROPPING 2 potions of lignification.
  1615 | D:2      | 1615 ||| DROPPING potion of attraction.
  1671 | D:3      | Noticed Terence
  1678 | D:3      | Killed Terence
  1805 | D:3      | Reached XP level 5. HP: 32/32 MP: 5/5
  1820 | D:3      | 1820 ||| FLEEEEING.
  1823 | D:3      | 1823 ||| STAIRDANCE
  1873 | D:2      | 1873 ||| READING scroll of identify.
  1873 | D:2      | 1873 ||| IDENTIFYING bubbling blue potion
  1914 | D:3      | Reached skill level 6 in Ranged Weapons
  2009 | D:3      | You fall into a shaft and drop 1 floor!
  2072 | D:4      | Noticed a water moccasin
  2080 | D:4      | Killed a water moccasin
  2081 | D:4      | Reached XP level 6. HP: 19/40 MP: 6/6
  2196 | D:4      | Noticed Duvessa
  2197 | D:4      | Noticed Dowan
  2210 | D:4      | HP: 7/40 [Dowan/+0 dagger (4)]
  2211 | D:4      | 2211 ||| READING scroll of teleportation.
  2211 | D:4      | Slain by Duvessa

Levels and vault maps discovered:
D:1:      dpeg_arrival_circle_labyrinth_c, layout_basic, minivault_4
D:2:      layout_loops_ring
D:3:      layout_loops_ring, hellmonk_ecumenical_altar_heavens_door,
          minmay_unequal, uniq_terence
D:4:      layout_gridville, mainiacjoe_overflow_cross_hatched,
          mainiacjoe_overflow_catwalk, mainiacjoe_overflow_six_doors_small,
          grunt_decor_one_mirror, minmay_strange_pillars, uniq_duvessa

Skill      XL: |  1  2  3  4  5 |
---------------+----------------+-----
Ranged Weapons | 5 6 |  6.1
Fighting       | 3 4 |  4.9
Dodging        | |  1.5
Stealth        | |  1.1

Action                     |  1- 3 |  4- 6 || total
---------------------------+-------+-------++-------
   Fire: Shortbow          |    73 |    95 ||   168
    Use: Scroll            |     3 |     4 ||     7
         Potion            |       |     2 ||     2
 Armour: Leather armour    |    10 |    48 ||    58
  Dodge: Dodged            |    10 |    31 ||    41

Table legend:
 A = Non-vault XP
 B = Vault XP
 C = Vault XP percentage of total XP
 D = Non-vault monster count
 E = Vault monster count
 F = Vault count percentage of total count
                 A         B        C        D         E       F
            +---------+---------+-------+---------+---------+-------
      Total |     385 |      32 |   7.7 |      48 |       1 |   2.0
            +---------+---------+-------+---------+---------+-------
        D:1 |      25 |       0 |   0.0 |      13 |       0 |   0.0
        D:2 |      89 |       0 |   0.0 |      17 |       0 |   0.0
        D:3 |      64 |      32 |  33.3 |      12 |       1 |   7.7
        D:4 |     207 |       0 |   0.0 |       6 |       0 |   0.0
            +---------+---------+-------+---------+---------+-------
